 Dungeon Crawl Stone Soup version 0.30-a0-596-g0af90f9a20 (webtiles) character file.

Game seed: 3535050303092158628

996 wormed the Changer (level 8, -1/90 HPs)
             Began as a Gnoll Wanderer on Jan 7, 2023.
             Was an Initiate of Cheibriados.
             Slain by an iguana (3 damage)
             ... on level 6 of the Dungeon.
             The game lasted 00:11:00 (5795 turns).

wormed the Changer (Gnoll Wanderer)                 Turns: 5795, Time: 00:11:01

Health: -1/90      AC:  8    Str: 14    XL:     8   Next: 19%
Magic:  12/17      EV: 11    Int: 15    God:    Cheibriados [......]
Gold:   1154       SH:  0    Dex: 11    Spells: 18/19 levels left

rFire   . . .      SeeInvis .    u - +0 short sword (venom)
rCold   . . .      Faith    .    (no shield)
rNeg    . . .      Spirit   .    c - +0 ring mail
rPois   .          Reflect  .    (no helmet)
rElec   .          Harm     .    v - +0 cloak
rCorr   .          Rampage  .    f - +0 pair of gloves
Will    .....                    (no boots) Stlth
                                 d - amulet of the acrobat
HPRegen 0.35/turn                (no ring)
MPRegen 0.15/turn                (no ring)

@: berserking, very slow
A: fangs 1, strong nose, distributed training
a: Renounce Religion


You were on level 6 of the Dungeon.
You worshipped Cheibriados.
Cheibriados was noncommittal.
You visited 2 branches of the dungeon, and saw 7 of its levels.

You collected 1154 gold pieces.

Inventory:

Hand Weapons
 a - a +0 club
 u - a +0 short sword of venom (weapon)
Missiles
 p - 2 javelins (quivered)
 t - 12 poisoned darts
Armour
 c - a +0 ring mail (worn)
 f - a +0 pair of gloves (worn)
 v - a +0 cloak (worn)
Jewellery
 d - an amulet of the acrobat (around neck)
Wands
 x - a wand of flame (20)
Scrolls
 b - a scroll of summoning {unknown}
 g - 2 scrolls of teleportation
 m - 2 scrolls of amnesia
 n - a scroll of blinking {unknown}
 o - a scroll of identify
 s - 2 scrolls of fear {unknown}
 y - a scroll of magic mapping {unknown}
Potions
 e - 2 potions of brilliance
 j - a potion of lignification {unknown}
 l - a potion of flight {unknown}
 q - a potion of heal wounds {unknown}
 r - 3 potions of haste


   Skills:
 + Level 4.1 Fighting
 + Level 3.1 Short Blades
 + Level 3.1 Long Blades
 + Level 3.1 Axes
 + Level 3.1 Maces & Flails
 + Level 3.1 Polearms
 + Level 3.1 Staves
 + Level 3.1 Ranged Weapons
 + Level 3.1 Throwing
 + Level 4.1 Armour
 + Level 3.1 Dodging
 + Level 3.1 Stealth
 + Level 3.1 Shields
 + Level 3.1 Unarmed Combat
 + Level 6.0 Spellcasting
 + Level 2.5 Conjurations
 + Level 2.5 Hexes
 + Level 2.5 Summonings
 + Level 2.5 Necromancy
 + Level 2.5 Translocations
 + Level 6.1 Transmutations
 + Level 4.6 Fire Magic
 + Level 2.5 Ice Magic
 + Level 2.5 Air Magic
 + Level 2.5 Earth Magic
 + Level 2.5 Poison Magic
 + Level 4.4 Invocations
 + Level 3.1 Evocations


You had 18 spell levels left.
You knew the following spells:

 Your Spells              Type           Power      Damage    Failure   Level
a - Foxfire               Conj/Fire      60%        2x1d7     6%          1

Your spell library contained the following spells:

 Spells                   Type           Power      Damage    Failure   Level
 Sting                    Tmut/Pois      68%        1d6       4%          1
 Passwall                 Tmut/Erth      14%        N/A       7%          2
 Ignite Poison            Fire/Tmut/Pois 17%        N/A       14%         3
 Ensorcelled Hibernation  Hex/Ice        24%        N/A       16%         2
 Ozocubu's Armour         Ice            12%        N/A       30%         3
 Swiftness                Air            12%        N/A       30%         3
 Ice Form                 Ice/Tmut       17%        N/A       43%         4
 Metabolic Englaciation   Hex/Ice        6%         N/A       95%         5
 Simulacrum               Ice/Necr       6%         N/A       100%        6


Dungeon Overview and Level Annotations

Branches:
Dungeon (6/15)             Temple (1/1) D:4

Altars:
Ashenzari
Cheibriados
Fedhas
Gozag
Kikubaaqudgha
Makhleb
Nemelex Xobeh
Okawaru
Qazlal
Sif Muna
Trog
Uskayaw
Xom
Yredelemnul
The Shining One

Shops:
D:3 ?   D:5 *

Annotations:
D:3 2 transporters, Newt's ghost, amateur KoHu


Innate Abilities, Weirdness & Mutations

You have very sharp teeth.
Your uncanny sense of smell can sniff out nearby items.
Your experience applies equally to all skills.


Message History

Casting: Foxfire (safe; 7% risk of failure)
Confirm with . or Enter, or press ? or * to list all spells.
You conjure some foxfire!
The ice beast hits you.
* * * LOW HITPOINT WARNING * * *
The ice beast freezes you!
* * * LOW HITPOINT WARNING * * *
You hit the ice beast but do no damage.
The ice beast is almost dead.
The foxfire hits the ice beast!
The ice beast melts!
You kill the ice beast!
Cheibriados appreciates the change of pace.
Your Spellcasting skill increases to level 6!
You feel better.
You hit the iguana.
The iguana is moderately wounded.
The iguana bites you!
* * * LOW HITPOINT WARNING * * *
Throw: throwing net
Press: ? - help, Q - select action, (/) - cycle Shift-Dir - straight line, f - iguana
Aim: an iguana (moderately wounded, 63% to hit)
You throw a throwing net.
The throwing net closely misses the iguana.
The iguana bites you.
* * * LOW HITPOINT WARNING * * *
It was a potion of haste.
You feel yourself speed up.
Cheibriados forgives your accidental hurry, just this once.
The iguana bites you but does no damage.
It was a potion of brilliance.
You feel clever all of a sudden.
It was a potion of cancellation.
Your magical effects are unravelling.
You feel magically purged.
You feel yourself slow down.
You feel a little less clever now. The iguana bites you.
* * * LOW HITPOINT WARNING * * *
It was a potion of berserk rage.
A red film seems to cover your vision as you go berserk!
Cheibriados protects you from inadvertent hurry.
You feel mighty! The iguana bites you.
You die...

# #. .####.#####
.......(#.. ∆ #.#.#
#.# # #l#.# #.#
####.#@#.##### #.#
#............# #.#
...........##.# #.#
.#.####.##.##.#####.##
# #........)).)..###
####.##.#.))......
...##.#.###.....
######.#.# #..###
#.#.# #.##


You could see an iguana.

Vanquished Creatures
  2 ice beasts (D:6)
  An ogre (D:5)
  2 kobold brigands
  A bullfrog (D:4)
  A scorpion (D:4)
  3 hounds
  Ijyb (D:5)
  2 orc wizards
  8 gnolls
  13 adders
  A shadow imp (D:6)
  A worm (D:3)
  3 dart slugs
  10 orcs
  8 endoplasms
  3 giant cockroaches
  5 goblins
  5 hobgoblins
  9 quokkas
  5 ball pythons
  7 bats
  4 frilled lizards
  11 kobolds
  5 rats
111 creatures vanquished.

Vanquished Creatures (others)
  379 foxfires
  A plant (D:4)
380 creatures vanquished.

Grand Total: 491 creatures vanquished

Notes
Turn   | Place    | Note
-------+----------+-------------------------------------------
     0 | D:1      | wormed the Gnoll Wanderer began the quest for the Orb.
     0 | D:1      | wormed set off with the following items: a +0 club, a
                  | potion of curing, a +0 ring mail; and the following spells
                  | available to memorise: Sting, Foxfire, Passwall, Ignite
                  | Poison, Ice Form.
     0 | D:1      | Reached XP level 1. HP: 17/17 MP: 6/6
     2 | D:1      | Learned a level 1 spell: Foxfire
   107 | D:1      | Reached XP level 2. HP: 23/23 MP: 2/7
   408 | D:1      | Reached skill level 5 in Spellcasting
   408 | D:1      | Reached XP level 3. HP: 28/28 MP: 7/9
  1332 | D:2      | Reached skill level 1 in Short Blades
  1332 | D:2      | Reached skill level 1 in Long Blades
  1332 | D:2      | Reached skill level 1 in Axes
  1332 | D:2      | Reached skill level 1 in Maces & Flails
  1332 | D:2      | Reached skill level 1 in Polearms
  1332 | D:2      | Reached skill level 1 in Staves
  1332 | D:2      | Reached skill level 1 in Ranged Weapons
  1332 | D:2      | Reached skill level 1 in Throwing
  1332 | D:2      | Reached skill level 1 in Dodging
  1332 | D:2      | Reached skill level 1 in Stealth
  1332 | D:2      | Reached skill level 1 in Shields
  1332 | D:2      | Reached skill level 1 in Unarmed Combat
  1332 | D:2      | Reached skill level 1 in Evocations
  1743 | D:2      | Reached XP level 4. HP: 21/34 MP: 7/11
  2258 | D:2      | Identified a scroll of acquirement
  2312 | D:3      | Found Zuluk's Magic Scroll Emporium.
  2320 | D:3      | Acquired 947 gold pieces
  2329 | D:3      | Reached skill level 1 in Conjurations
  2329 | D:3      | Reached skill level 1 in Hexes
  2329 | D:3      | Reached skill level 1 in Summonings
  2329 | D:3      | Reached skill level 1 in Necromancy
  2329 | D:3      | Reached skill level 1 in Translocations
  2329 | D:3      | Reached skill level 1 in Ice Magic
  2329 | D:3      | Reached skill level 1 in Air Magic
  2329 | D:3      | Reached skill level 1 in Earth Magic
  2329 | D:3      | Reached skill level 1 in Poison Magic
  2536 | D:3      | Reached XP level 5. HP: 12/40 MP: 6/12
  2660 | D:3      | Found a transporter.
  2662 | D:3      | Noticed Newt's ghost (amateur KoHu)
  2667 | D:3      | Found a transporter.
  3785 | D:4      | Reached XP level 6. HP: 47/47 MP: 2/13
  4220 | D:4      | Found a staircase to the Ecumenical Temple.
  4270 | Temple   | Entered the Ecumenical Temple
  4297 | Temple   | Became a worshipper of Cheibriados the Contemplative
  4501 | D:4      | Reached XP level 7. HP: 44/52 MP: 11/15
  4707 | D:5      | Entered Level 5 of the Dungeon
  4862 | D:5      | Noticed Ijyb
  4876 | D:5      | Killed Ijyb
  5079 | D:5      | Found Dyogagu's General Store.
  5732 | D:6      | Reached XP level 8. HP: 50/60 MP: 12/16
  5794 | D:6      | HP: 1/60 [iguana (4)]
  5795 | D:6      | Slain by an iguana

Illustrated notes

Levels and vault maps discovered:
D:1:      tarquinn_simple_flora_water_c, layout_rooms, serial_co_window_serial,
          co_window_paths_b, co_window_corner_a, co_window_corner_a,
          co_window_corner_a, co_window_corner_a, co_window_of_opportunity_a,
          co_window_2corner, co_window_corner_b, co_window_paths_c,
          co_window_of_opportunity_b, co_window_corner_ca, co_window_2corner,
          glass_columns_c, glass_columns_c, glass_columns_b
D:2:      layout_basic, minmay_statues_item
D:3:      layout_loops_corners, gammafunk_ghost_mausoleum, serial_shops, shop,
          grunt_ministairs_12
D:4:      layout_rooms, minmay_temple_entry_water_ring, palyth_stone_intersect,
          serial_bayou_pond_b, chequers_mini_garden
D:5:      layout_rooms, serial_shops, shop, uniq_ijyb
D:6:      layout_loops_ring, mainiacjoe_overflow_surrounded_room,
          corexii_leaking_fountain
Temple:   hellmonk_temple_two_chambers

Skill      XL: |  1  2  3  4  5  6  7  8 |
---------------+-------------------------+-----
Spellcasting   | 5 6 |  6.0
Short Blades   | 1 2 3 |  3.1
Long Blades    | 1 2 3 |  3.1
Axes           | 1 2 3 |  3.1
Maces & Flails | 1 2 3 |  3.1
Polearms       | 1 2 3 |  3.1
Staves         | 1 2 3 |  3.1
Ranged Weapons | 1 2 3 |  3.1
Throwing       | 1 2 3 |  3.1
Dodging        | 1 2 3 |  3.1
Stealth        | 1 2 3 |  3.1
Shields        | 1 2 3 |  3.1
Unarmed Combat | 1 2 3 |  3.1
Evocations     | 1 2 3 |  3.1
Conjurations   | 1 2 |  2.5
Hexes          | 1 2 |  2.5
Summonings     | 1 2 |  2.5
Necromancy     | 1 2 |  2.5
Translocations | 1 2 |  2.5
Ice Magic      | 1 2 |  2.5
Air Magic      | 1 2 |  2.5
Earth Magic    | 1 2 |  2.5
Poison Magic   | 1 2 |  2.5
Invocations    | 3 4 |  4.4
Fighting       | 3 4 |  4.1
Armour         | 3 4 |  4.1
Fire Magic     | 4 |  4.6
Transmutations | 6 |  6.1

Action                   |  1- 3 |  4- 6 |  7- 9 || total
-------------------------+-------+-------+-------++-------
Melee: Club              |    88 |    57 |       ||   145
       Bite              |     8 |     9 |    12 ||    29
       Unarmed           |       |    25 |       ||    25
       Short sword       |       |       |    83 ||    83
       Punch             |       |       |     2 ||     2
Throw: Throwing net      |       |       |     2 ||     2
 Cast: Foxfire           |    40 |   115 |    63 ||   218
  Use: Potion            |     2 |     3 |     5 ||    10
       Scroll            |       |     5 |     1 ||     6
Armor: Ring mail         |    66 |    68 |    35 ||   169
Dodge: Dodged            |    66 |   128 |    59 ||   253

Table legend: (Time is in decaauts)
 A = Elapsed time spent in this place.
 B = Non-inter-level travel time spent in this place.
 C = Inter-level travel time spent in this place.
 D = Time resting spent in this place.
 E = Time spent auto-exploring this place.
 F = Levels seen in this place.
 G = Mean time per level.
                   A        B        C        D        E       F      G
               +--------+--------+--------+--------+--------+-----+--------+
         Total |   6028 |   5764 |    264 |      0 |   4694 |   7 |  861.1 |
       Dungeon |   5989 |   5735 |    254 |      0 |   4684 |   6 |  998.2 |
        Temple |     39 |     29 |     10 |      0 |     10 |   1 |   39.0 |
               +--------+--------+--------+--------+--------+-----+--------+

Top non-repeatable levels by time:
     D:3: 1463 daAuts
     D:1: 1163 daAuts
     D:2: 1155 daAuts
     D:4: 1001 daAuts
     D:5: 787 daAuts
     D:6: 418 daAuts
  Temple: 39 daAuts
